 Dungeon Crawl Stone Soup version 0.29-a0-194-g6e3aafee17 (webtiles) character file.

Game seed: 10450537939004763209

28 jlumianski the Firebug (level 2, -10/19 HPs)
             Began as a Demonspawn Fire Elementalist on Feb 22, 2022.
             Mangled by a gnoll
             ... wielding a +5 halberd of protection
              (14 damage)
             ... on level 3 of the Dungeon.
             The game lasted 00:05:19 (2074 turns).

jlumianski the Firebug (DsFE)                       Turns: 2074, Time: 00:05:20

Health: -10/19     AC:  3    Str:  8    XL:     2   Next: 96%
Magic:  5/5        EV: 11    Int: 16    God:
Gold:   160        SH:  0    Dex: 15    Spells: 2/5 levels left

rFire   . . .      SeeInvis .   c - +0 hand axe
rCold   . . .      Faith    .   (no shield)
rNeg    . . .      Spirit   .   i - +0 leather armour
rPois   .          Reflect  .   (no helmet)
rElec   .          Harm     .   (no cloak)
rCorr   .          Rampage  .   (no gloves)
Will    .....                   (no boots)
Stlth   +++.......              (no amulet)
HPRegen 0.06/turn               e - ring of flight
MPRegen 0.09/turn               q - ring of wizardry

@: flying
A: thin skeletal structure 1
a: no special abilities


You were on level 3 of the Dungeon.
You visited 1 branch of the dungeon, and saw 3 of its levels.

You collected 160 gold pieces.

Inventory:

Hand Weapons
 c - a +0 hand axe (weapon)
 s - a +0 dagger of venom
Missiles
 h - 14 stones
Armour
 a - a +0 robe
 i - a +0 leather armour (worn)
Magical Staves
 r - a staff of death
Jewellery
 e - a ring of flight (left hand)
 q - a ring of wizardry (right hand)
Scrolls
 f - a scroll of immolation
 g - a scroll of torment {unknown}
 k - a scroll of magic mapping {unknown}
 m - 3 scrolls of teleportation {unknown}
Potions
 b - a potion of degeneration
 d - a potion of flight
 j - a potion of brilliance {unknown}
 l - a potion of heal wounds {unknown}
 n - a potion of haste {unknown}
 o - a potion of might {unknown}
 p - a potion of berserk rage {unknown}


   Skills:
 + Level 0.1 Axes
 + Level 0.3 Armour
 + Level 2.0 Dodging
 + Level 2.0 Stealth
 + Level 2.1 Spellcasting
 + Level 1.0 Conjurations
 + Level 3.3 Fire Magic


You had 2 spell levels left.
You knew the following spells:

 Your Spells              Type           Power      Damage    Failure   Level
a - Foxfire               Conj/Fire      32%        2x1d5     4%          1
b - Scorch                Fire           24%        2d6       4%          2

Your spell library contained the following spells:

 Spells                   Type           Power      Damage    Failure   Level
 Conjure Flame            Conj/Fire      8%         6-21      14%         3
 Inner Flame              Hex/Fire       7%         N/A       17%         3
 Flame Wave               Conj/Fire      8%         2d5       41%         4
 Iskenderun's Battlesphe  Conj           4%         2d6       88%         5
 Iron Shot                Conj/Erth      1%         9d1       100%        6
 Spellforged Servitor     Conj/Summ      1%         N/A       100%        7


Dungeon Overview and Level Annotations

Branches:
Dungeon (3/15)

Altars:


Innate Abilities, Weirdness & Mutations

You have a somewhat thin skeletal structure. (Dex +2, Stealth+)


Message History

Done exploring.
Done exploring.
(D) Dungeon
Where to? (? - help)
What level of the Dungeon? (default 1, ? - help)
There is a stone staircase leading down here.
You fly downwards.
There is a stone staircase leading up here.
You reach down and open the door.
A giant cockroach comes into view.
Found a stone staircase leading down.
The giant cockroach bites you but does no damage.
There is an open door here.
You hit the giant cockroach.
You kill the giant cockroach!
A bat and a frilled lizard come into view.
The frilled lizard hisses angrily.
A gnoll comes into view.
It is wielding a +5 halberd of protection.
A gnoll comes into view. It is wielding a +0 halberd.
The bat moves out of view.
A hobgoblin comes into view.
The bat closely misses you.
The frilled lizard unfolds its giant frill.
There is a stone staircase leading down here.
The bat hits you but does no damage. The bat closely misses you.
The bat hits you but does no damage.
The gnoll shouts!
The bat barely misses you.
The gnoll hits you from afar with a +5 halberd of protection.
The bat hits you but does no damage.
There is a stone staircase leading up here.
The gnoll hits you from afar with a +5 halberd of protection!
Ouch! That really hurt!
* * * LOW HITPOINT WARNING * * *
A gnoll comes into view. It is wielding a +0 flail.
You miss the bat. The bat barely misses you.
The bat hits you but does no damage.
The gnoll hits you from afar with a +5 halberd of protection!
Ouch! That really hurt!
You die...

# ... #.##
##...#+###
#........###
#........'.#
#........#<#
####.....#@#
#####.#b#
#...g.#
#+#g###
#.......#
.......##.#
....... .#
g...... #
##.....


You could see 2 gnolls and a bat.

Vanquished Creatures
  A dart slug (D:2)
  2 endoplasms (D:1)
  2 giant cockroaches
  2 goblins (D:2)
  2 hobgoblins (D:1)
  2 quokkas (D:1)
  4 ball pythons
  3 bats
  A frilled lizard (D:2)
  4 kobolds
  2 rats (D:1)
25 creatures vanquished.

Vanquished Creatures (others)
  14 foxfires
  4 fungi (D:1)
  2 plants (D:1)
20 creatures vanquished.

Grand Total: 45 creatures vanquished

Notes
Turn   | Place    | Note
-------+----------+-------------------------------------------
     0 | D:1      | jlumianski the Demonspawn Fire Elementalist began the quest
                  | for the Orb.
     0 | D:1      | Reached XP level 1. HP: 13/13 MP: 3/3
   260 | D:1      | Reached skill level 3 in Fire Magic
   271 | D:1      | Gained mutation: You have a somewhat thin skeletal
                  | structure. (Dex +2, Stealth+) [demonic ancestry]
   271 | D:1      | Reached XP level 2. HP: 10/19 MP: 3/5
   477 | D:1      | Learned a level 2 spell: Scorch
   798 | D:1      | Found a faded altar of an unknown god.
  2074 | D:3      | Mangled by a gnoll

Illustrated notes

Levels and vault maps discovered:
D:1:      heliophobic_arrival_enchanted_forest, layout_basic,
          dreamdust_ecumenical_altar_grove
D:2:      layout_loops_corners, minmay_split_cup_large
D:3:      layout_basic

Skill      XL: |  1  2 |
---------------+-------+-----
Fire Magic     | 3 |  3.3
Dodging        | 2 |  2.0
Stealth        | 2 |  2.0
Axes           | |  0.1
Armour         | |  0.3
Spellcasting   | |  2.1
Conjurations   | |  1.0

Action                   || total
-------------------------++-------
Melee: Hand axe          ||    56
 Cast: Foxfire           ||    10
       Scorch            ||     2
  Use: Scroll            ||     3
 Stab: Sleeping          ||     3
Armor: Robe              ||     3
       Leather armour    ||    13
Dodge: Dodged            ||    36

Table legend: (Time is in decaauts)
 A = Elapsed time spent in this place.
 B = Non-inter-level travel time spent in this place.
 C = Inter-level travel time spent in this place.
 D = Time resting spent in this place.
 E = Time spent auto-exploring this place.
 F = Levels seen in this place.
 G = Mean time per level.
                   A        B        C        D        E       F      G
               +--------+--------+--------+--------+--------+-----+--------+
         Total |   2088 |   2067 |     21 |      0 |   1617 |   3 |  696.0 |
       Dungeon |   2088 |   2067 |     21 |      0 |   1617 |   3 |  696.0 |
               +--------+--------+--------+--------+--------+-----+--------+

Top non-repeatable levels by time:
     D:2: 1076 daAuts
     D:1: 991 daAuts
     D:3: 20 daAuts
